 Dungeon Crawl Stone Soup version 0.30-a0-622-gddc90eaa04 (webtiles) character file.

Game seed: 9365268041533958004

519 wormed the Twirler (level 7, 0/56 HPs)
             Began as a Gnoll Wanderer on Jan 11, 2023.
             Was a Follower of the Shining One.
             Slain by pigah's ghost (14 damage)
             ... on level 4 of the Dungeon.
             The game lasted 00:04:42 (2797 turns).

wormed the Twirler (Gnoll Wanderer)                 Turns: 2797, Time: 00:04:43

Health: 0/56       AC:  5    Str: 16    XL:     7   Next: 21%
Magic:  9/12       EV: 12    Int: 11    God:    the Shining One [*.....]
Gold:   214        SH:  7    Dex: 13    Spells: 12/13 levels left

rFire   . . .      SeeInvis .    u - +1 scythe (flame)
rCold   . . .      Faith    .    (shield currently unavailable)
rNeg    . . .      Spirit   .    t - +0 leather armour of the Invisible Hand {Harm Str+4}
rPois   .          Reflect  .    b - +0 helmet
rElec   .          Harm     +    (no cloak)
rCorr   .          Rampage  .    (no gloves)
Will    .....                    f - +0 pair of boots
Stlth   +                        (no amulet)
HPRegen 0.29/turn                (no ring)
MPRegen 0.13/turn                (no ring)

@: divinely shielded, glowing
A: fangs 1, strong nose, distributed training
a: Renounce Religion, Divine Shield


You were on level 4 of the Dungeon.
You worshipped the Shining One.
The Shining One was aware of your devotion.
You visited 1 branch of the dungeon, and saw 4 of its levels.

You collected 214 gold pieces.

Inventory:

Hand Weapons
 a - a +1 quarterstaff
 u - a +1 scythe of flaming (weapon)
Missiles
 i - 4 poisoned darts (quivered)
Armour
 b - a +0 helmet (worn)
 d - a +0 robe
 f - a +0 pair of boots (worn)
 t - the +0 leather armour of the Invisible Hand (worn) {Harm Str+4}
   (You found it on level 4 of the Dungeon)

   Str:       It affects your strength (+4).
   Harm:      It increases damage dealt and taken.
Jewellery
 v - a ring of magical power
Wands
 p - a wand of roots (8)
Scrolls
 c - a scroll of fear
 g - a scroll of immolation {unknown}
 j - a scroll of poison {unknown}
 k - a scroll of noise {unknown}
 l - 3 scrolls of identify
 s - a scroll of fog {unknown}
Potions
 e - 2 potions of heal wounds
 h - 2 potions of berserk rage {unknown}
 m - a potion of curing {unknown}
 n - 2 potions of brilliance {unknown}
 o - a potion of resistance {unknown}
 q - a potion of mutation {unknown}
 r - 2 potions of lignification {unknown}


   Skills:
 + Level 5.2 Fighting
 + Level 2.4 Short Blades
 + Level 2.4 Long Blades
 + Level 2.4 Axes
 + Level 2.4 Maces & Flails
 + Level 2.4 Polearms
 + Level 5.2 Staves
 + Level 2.4 Ranged Weapons
 + Level 2.4 Throwing
 + Level 2.4 Armour
 + Level 3.6 Dodging
 + Level 4.9 Stealth
 + Level 2.4 Shields
 + Level 2.4 Unarmed Combat
 + Level 3.7 Spellcasting
 + Level 2.0 Conjurations
 + Level 2.0 Hexes
 + Level 2.0 Summonings
 + Level 4.3 Necromancy
 + Level 2.0 Translocations
 + Level 2.0 Transmutations
 + Level 2.0 Fire Magic
 + Level 2.0 Ice Magic
 + Level 2.0 Air Magic
 + Level 2.0 Earth Magic
 + Level 2.0 Poison Magic
 + Level 2.7 Invocations
 + Level 2.4 Evocations


You had 12 spell levels left.
You knew the following spells:

 Your Spells              Type           Power      Damage    Failure   Level
a - Kiss of Death         Conj/Necr      36%        2d8       8%          1

Your spell library contained the following spells:

 Spells                   Type           Power      Damage    Failure   Level
 Sublimation of Blood     Necr           11%        N/A       8%          2
 Sting                    Tmut/Pois      24%        1d4       13%         1
 Poisonous Vapours        Pois/Air       12%        N/A       19%         2
 Anguish                  Hex/Necr       4%         N/A       61%         4
 Olgreb's Toxic Radiance  Pois           6%         N/A       77%         4
 Conjure Ball Lightning   Conj/Air       3%         3x3d6     100%        6
 Discord                  Hex            3%         N/A       100%        8
 Disjunction              Tloc           3%         N/A       100%        8


Dungeon Overview and Level Annotations

Branches:
Dungeon (4/15)
 Temple: D:4-7

Altars:
Elyvilon
The Shining One

Annotations:
D:4 1 transporter, pigah's ghost, amateur OpWn


Innate Abilities, Weirdness & Mutations

You have very sharp teeth.
Your uncanny sense of smell can sniff out nearby items.
Your experience applies equally to all skills.


Message History

As you read the scroll of fear, it crumbles to dust.
You assume a fearsome visage.
The gnoll looks frightened!
Pigah's ghost is unaffected.
The gnoll looks frightened!
The gnoll looks rattled.
Pigah's ghost barely misses you.
You closely miss pigah's ghost. Pigah's ghost hits you.
You hit pigah's ghost. You burn pigah's ghost.
You bite pigah's ghost, but do no damage.
Pigah's ghost is lightly damaged.
Pigah's ghost hits you but does no damage.
Pigah's ghost hits you!
You puncture pigah's ghost! You burn pigah's ghost.
Pigah's ghost is moderately damaged.
Pigah's ghost hits you!
* * * LOW HITPOINT WARNING * * *
You feel much better.
Pigah's ghost hits you but does no damage.
The gnoll shouts!
You hit pigah's ghost. You burn pigah's ghost.
Pigah's ghost is heavily damaged.
Pigah's ghost closely misses you.
You barely miss pigah's ghost.
Pigah's ghost is heavily damaged.
Pigah's ghost hits you! Pigah's ghost says, "They lied to you.
The Dungeon just goes down and down forever."
Pigah's ghost hits you! A divine shield forms around you!
The gnoll barely misses you. Pigah's ghost closely misses you.
You hit the gnoll but do no damage.
Your attack snaps the gnoll out of its fear.
You block the gnoll's attack. Pigah's ghost hits you.
The gnoll hits you with a +0 whip.
You slash the gnoll! You burn the gnoll.
You kill the gnoll!
Pigah's ghost hits you. The gnoll hits you with a +0 whip.
* * * LOW HITPOINT WARNING * * *
You barely miss the gnoll. You bite the gnoll, but do no damage.
Pigah's ghost shrieks, "You will never get the ORB!"
Pigah's ghost hits you!
You die...

#.............................)#
....≈≈≈≈≈≈≈≈≈≈≈.(.≈≈≈≈≈≈≈≈≈≈≈..#
.##.≈≈≈≈≈≈≈≈≈≈≈...≈≈≈≈≈≈≈≈≈≈≈.##
###.≈≈#####...........#####≈≈.#
# #.≈≈#g#.#.###.©.###.#g#.#≈≈.#
###.≈≈#...###.#####©###...#≈≈.#
##..≈≈###......g...W..g.###≈≈.#
#...≈≈.8#.######W######.#8.≈≈.#
..#.≈≈.##.#.⌠.#.@8#...#.##.≈≈)#
#.#.~~.#..'.....©g#:..'.W#.~~.#
....≈≈.##.#.⌠.#..8#...#.##.≈≈.#
#...≈≈.8#.######'######.#8.≈≈.#
#...≈≈###...............###≈≈.#
#...≈≈#...###g#####g###..g#≈≈.#
#.#.≈≈#g#g#.###.©.###.#.#g#≈≈.#
#.#.≈≈#####...........#####≈≈.#
#.#.≈≈≈≈≈≈≈≈≈≈≈≈~≈≈≈≈≈≈≈≈≈≈≈≈.#


You could see pigah's ghost and 2 gnolls.

Vanquished Creatures
  Sigmund (D:4)
  An ogre (D:4)
  A scorpion (D:4)
  A gnoll bouda (D:4)
  An iguana (D:4)
  4 gnolls
  3 adders
  4 worms
  A dart slug (D:4)
  5 orcs
  7 ball pythons
  7 bats
  2 endoplasms
  12 giant cockroaches
  9 goblins
  4 hobgoblins
  6 quokkas
  3 frilled lizards (D:3)
  6 kobolds
  5 rats
83 creatures vanquished.

Vanquished Creatures (others)
  6 plants (D:4)
6 creatures vanquished.

Grand Total: 89 creatures vanquished

Notes
Turn   | Place    | Note
-------+----------+-------------------------------------------
     0 | D:1      | wormed the Gnoll Wanderer began the quest for the Orb.
     0 | D:1      | wormed set off with the following items: a +0 quarterstaff,
                  | a +0 helmet, a scroll of fear, a +0 robe; and the following
                  | spell memorised: Kiss of Death; and the following spells
                  | available to memorise: Sublimation of Blood, Anguish.
     0 | D:1      | Reached XP level 1. HP: 20/20 MP: 4/4
    89 | D:1      | Reached XP level 2. HP: 26/26 MP: 5/5
   490 | D:1      | Reached XP level 3. HP: 31/31 MP: 7/7
   717 | D:2      | Reached skill level 1 in Invocations
   790 | D:2      | You fall into a shaft and drop 2 floors!
   815 | D:4      | Noticed Sigmund
   969 | D:3      | Reached skill level 1 in Short Blades
   969 | D:3      | Reached skill level 1 in Long Blades
   969 | D:3      | Reached skill level 1 in Axes
   969 | D:3      | Reached skill level 1 in Maces & Flails
   969 | D:3      | Reached skill level 1 in Polearms
   969 | D:3      | Reached skill level 1 in Ranged Weapons
   969 | D:3      | Reached skill level 1 in Throwing
   969 | D:3      | Reached skill level 1 in Armour
   969 | D:3      | Reached skill level 1 in Shields
   969 | D:3      | Reached skill level 1 in Unarmed Combat
   969 | D:3      | Reached skill level 1 in Evocations
   994 | D:3      | Reached XP level 4. HP: 15/38 MP: 8/8
  1103 | D:3      | Found a faded altar of an unknown god.
  1124 | D:3      | Prayed at the altar of an unknown god.
  1124 | D:3      | Became a worshipper of the Shining One
  1124 | D:3      | Reached * piety under the Shining One
  1391 | D:3      | Reached skill level 1 in Conjurations
  1391 | D:3      | Reached skill level 1 in Hexes
  1391 | D:3      | Reached skill level 1 in Summonings
  1391 | D:3      | Reached skill level 1 in Translocations
  1391 | D:3      | Reached skill level 1 in Transmutations
  1391 | D:3      | Reached skill level 1 in Fire Magic
  1391 | D:3      | Reached skill level 1 in Ice Magic
  1391 | D:3      | Reached skill level 1 in Air Magic
  1391 | D:3      | Reached skill level 1 in Earth Magic
  1391 | D:3      | Reached skill level 1 in Poison Magic
  1778 | D:2      | Reached XP level 5. HP: 22/43 MP: 9/9
  1870 | D:2      | Found a white marble altar of Elyvilon.
  2100 | D:4      | Identified the +0 leather armour of the Invisible Hand
                  | {Harm Str+4}
  2139 | D:4      | Found a transporter.
  2140 | D:4      | Found a transporter.
  2237 | D:4      | Noticed an ogre
  2243 | D:4      | Killed an ogre
  2244 | D:4      | Reached skill level 5 in Fighting
  2244 | D:4      | Reached skill level 5 in Staves
  2244 | D:4      | Reached XP level 6. HP: 51/51 MP: 9/11
  2319 | D:4      | Killed Sigmund
  2320 | D:4      | Reached XP level 7. HP: 17/56 MP: 12/12
  2654 | D:4      | Noticed pigah's ghost (amateur OpWn)
  2797 | D:4      | Slain by pigah's ghost

Illustrated notes

Levels and vault maps discovered:
D:1:      lightli_arrival_farm, layout_rooms, nrook_mini_backslash
D:2:      layout_basic, basic_altar, minmay_pentomino_s2
D:3:      layout_loops_ring, hellmonk_ecumenical_altar_zigzags, st_stairs_4
D:4:      layout_rooms, gup_sewer_entry_pipe, gammafunk_ghost_gnarly_gnolls,
          uniq_sigmund

Skill      XL: |  1  2  3  4  5  6  7 |
---------------+----------------------+-----
Invocations    | 1 2 |  2.7
Short Blades   | 1 2 |  2.4
Long Blades    | 1 2 |  2.4
Axes           | 1 2 |  2.4
Maces & Flails | 1 2 |  2.4
Polearms       | 1 2 |  2.4
Ranged Weapons | 1 2 |  2.4
Throwing       | 1 2 |  2.4
Armour         | 1 2 |  2.4
Shields        | 1 2 |  2.4
Unarmed Combat | 1 2 |  2.4
Evocations     | 1 2 |  2.4
Spellcasting   | 3 |  3.7
Conjurations   | 1 2 |  2.0
Hexes          | 1 2 |  2.0
Summonings     | 1 2 |  2.0
Translocations | 1 2 |  2.0
Transmutations | 1 2 |  2.0
Fire Magic     | 1 2 |  2.0
Ice Magic      | 1 2 |  2.0
Air Magic      | 1 2 |  2.0
Earth Magic    | 1 2 |  2.0
Poison Magic   | 1 2 |  2.0
Dodging        | 3 |  3.6
Necromancy     | 4 |  4.3
Fighting       | 5 |  5.2
Staves         | 5 |  5.2
Stealth        | |  4.9

Action                   |  1- 3 |  4- 6 |  7- 9 || total
-------------------------+-------+-------+-------++-------
Melee: Quarterstaff      |   101 |   115 |     1 ||   217
       Bite              |     8 |    14 |     4 ||    26
       Halberd           |       |       |    17 ||    17
Throw: Dart              |       |     5 |       ||     5
Invok: Divine Shield     |       |       |     1 ||     1
  Use: Scroll            |     3 |       |     1 ||     4
       Potion            |       |       |     1 ||     1
 Stab: Sleeping          |     9 |       |       ||     9
Armor: Robe              |    23 |    18 |       ||    41
       Leather armour    |       |     7 |     3 ||    10
Dodge: Dodged            |    52 |    62 |    12 ||   126
Block: Other             |       |       |     1 ||     1

Table legend: (Time is in decaauts)
 A = Elapsed time spent in this place.
 B = Non-inter-level travel time spent in this place.
 C = Inter-level travel time spent in this place.
 D = Time resting spent in this place.
 E = Time spent auto-exploring this place.
 F = Levels seen in this place.
 G = Mean time per level.
                   A        B        C        D        E       F      G
               +--------+--------+--------+--------+--------+-----+--------+
         Total |   2855 |   2743 |    112 |      0 |   2001 |   4 |  713.8 |
       Dungeon |   2855 |   2743 |    112 |      0 |   2001 |   4 |  713.8 |
               +--------+--------+--------+--------+--------+-----+--------+

Top non-repeatable levels by time:
     D:3: 923 daAuts
     D:4: 796 daAuts
     D:1: 602 daAuts
     D:2: 532 daAuts
